Map: Galactic Process LE

Players

True - Winner!

  • Race: Zerg Zerg
  • League: Grandmaster

omgabanana

  • Race: Protoss Protoss

Event: Cheesadelphia Summer 2016

VOD

Have the link to the VOD?

Description

Time

  • Played on: July 24, 2016, 12:09 p.m.
  • Length: 10:24

All games in this series

Show
View Real Time Build Order
Export as new Build Order

True Zerg - Winner!

Build Orders: 3 Hatch before Pool 

Get SALT Encoding   

  12  0:00  Drone  
  13  0:07  Drone  
  14  0:18  Overlord  
  14  0:23  Extractor  
  14  0:24  Drone  
  15  0:37  Drone x2  
  17  0:55  Hatchery  
  16  1:15  Hatchery  
  16  1:18  Drone  
  16  1:22  Drone  
  17  1:26  Extractor  
  16  1:39  Spawning Pool  
  15  1:42  Drone  
  15  1:46  Drone  
  17  1:49  Drone  
  19  1:54  Drone  
  19  2:04  Drone  
  19  2:06  Evolution Chamber  
  19  2:07  Drone  
  21  2:13  Hatchery  
  21  2:26  Drone  
  21  2:27  Metabolic Boost  
  21  2:29  Drone x2  
  24  2:34  Drone  
  24  2:37  Overlord  
  25  2:46  Queen  
  25  2:48  Drone  
  28  2:56  Queen  
  28  2:57  Drone  
  31  3:00  Drone  
  32  3:05  Overlord  
  32  3:08  Drone  
  32  3:10  Drone  
  32  3:12  Drone  
  35  3:20  Drone  
  35  3:23  Queen  
  35  3:24  Drone  
  39  3:27  Zergling x2  
  39  3:30  Queen  
  39  3:32  Zergling x2  
  43  3:37  Zergling x2  
  43  3:39  Queen  
  46  3:43  Overlord  
  46  3:44  Drone  
  46  3:48  Overlord  
  47  3:51  Overlord  
  47  3:55  Overlord  
  47  3:57  Drone  
  47  3:59  Drone  
  49  4:03  Queen  
  49  4:05  Drone  
  49  4:07  Drone  
  53  4:10  Drone  
  53  4:15  Overlord  
  53  4:16  Drone  
  55  4:17  Queen  
  55  4:22  Drone  
  58  4:24  Queen  
  58  4:27  Drone x2  
  58  4:29  Drone  
  64  4:31  Drone  
  64  4:32  Drone  
  64  4:33  Drone  
  64  4:37  Overlord  
  66  4:38  Drone  
  66  4:40  Drone  
  66  4:44  Drone  
  69  4:49  Drone x2  
  70  4:58  Drone x3  
  70  4:59  Drone x4  
  77  5:00  Drone  
  77  5:02  Drone  
  77  5:04  Drone, Hatchery  
  77  5:06  Drone  
  80  5:11  Zergling x2  
  80  5:12  Zergling x2  
  80  5:13  Spore Crawler  
  80  5:17  Zergling x2  
  80  5:24  Zergling x4  
  80  5:27  Drone x5  
  80  5:28  Drone  
  84  5:30  Drone x3  
  84  5:31  Drone  
  89  5:36  Drone x2  
  89  5:39  Extractor  
  89  5:41  Extractor  
  89  5:42  Extractor  
  88  5:44  Overlord  
  88  5:48  Extractor x2, Drone  
  87  5:50  Drone  
  87  5:53  Evolution Chamber, Roach Warren  
  87  5:54  Hatchery  
  87  5:56  Drone x5  
  90  5:57  Drone  
  90  5:58  Drone x2  
  90  6:02  Drone x3  
  90  6:03  Lair  
  96  6:15  Drone x3  
  98  6:19  Zergling x4  
  98  6:20  Zergling x4  
  98  6:22  Zergling x2  
  103  6:26  Zergling x2  
  103  6:27  Zergling x4  
  103  6:29  Zergling x4  
  103  6:30  Zergling x6  
  103  6:31  Zergling x4  
  112  6:33  Overlord  
  112  6:34  Overlord  
  112  6:35  Zerg Melee Weapons Level 1  
  112  6:38  Overlord  
  109  6:42  Overlord  
  109  6:45  Overlord  
  109  6:48  Overlord  
  109  6:50  Overlord  
  109  6:51  Zergling x2  
  109  6:52  Zergling x2  
  111  6:55  Overlord  
  111  6:57  Overlord  
  111  6:58  Zergling x6  
  111  7:00  Zergling x4  
  116  7:01  Spire, Zergling x2  
  116  7:02  Zergling x6  
  116  7:03  Zergling x4  
  116  7:06  Zergling x2  
  122  7:08  Zergling x6  
  122  7:13  Zergling x2  
  122  7:14  Zergling x4  
  126  7:18  Drone  
  126  7:19  Drone x4  
  126  7:20  Drone  
  125  7:32  Zergling x2  
  125  7:33  Zergling x16  
  125  7:35  Zergling x6  
  134  7:37  Extractor, Zergling x4  
  134  7:38  Extractor  
  134  7:41  Drone x2  
  134  7:42  Extractor  
  134  7:43  Zergling x4  
  137  7:44  Extractor  
  131  7:59  Overseer  
  131  8:00  Pneumatized Carapace  
  124  8:12  Mutalisk x13  
  120  8:13  Mutalisk  
  120  8:16  Mutalisk  
  120  8:17  Mutalisk  
  140  8:23  Mutalisk  
  140  8:24  Zergling x2  
  140  8:25  Zergling x16  
  144  8:29  Mutalisk  
  144  8:30  Zergling x12  
  144  8:32  Zergling x4  
  149  8:34  Zergling x2  
  149  8:40  Zergling x2  
  151  8:41  Zergling x4  
  151  8:44  Zergling x2  
  151  8:45  Zergling x2  
  155  8:50  Mutalisk  
  155  8:52  Mutalisk  
  155  8:53  Mutalisk  
  155  8:54  Mutalisk  
  163  8:55  Mutalisk  
  163  8:59  Mutalisk  
  167  9:05  Mutalisk  
  167  9:06  Mutalisk  
  171  9:12  Mutalisk  
  171  9:16  Overlord  
  173  9:21  Overlord  
  173  9:23  Overlord  
  172  9:25  Mutalisk  
  172  9:27  Mutalisk  
  172  9:28  Zergling x4  
  174  9:32  Overlord  
  174  9:34  Overlord  
  174  9:35  Overlord  
  174  9:36  Mutalisk x2  
  175  9:40  Mutalisk x2  
  175  9:41  Mutalisk  
  175  9:42  Mutalisk  
  175  9:44  Mutalisk  
  177  9:49  Zergling x32  
  177  9:50  Mutalisk  
  189  9:54  Mutalisk  
  189  9:57  Mutalisk  
Show
View Real Time Build Order
Export as new Build Order

omgabanana Protoss 

Build Orders: Oracle Opening 

Get SALT Encoding   

  12  0:01  Probe (Chrono Boost)  
  13  0:11  Probe (Chrono Boost)  
  14  0:19  Pylon  
  14  0:23  Probe (Chrono Boost)  
  15  0:37  Probe (Chrono Boost)  
  15  0:39  Gateway  
  16  0:45  Assimilator  
  16  0:48  Probe (Chrono Boost)  
  17  0:58  Probe (Chrono Boost)  
  18  1:09  Probe (Chrono Boost)  
  19  1:23  Zealot  
  20  1:25  Probe (Chrono Boost)  
  20  1:26  Assimilator  
  20  1:27  Pylon  
  20  1:31  Cybernetics Core  
  22  1:37  Probe (Chrono Boost)  
  23  1:48  Probe (Chrono Boost)  
  24  1:59  Probe (Chrono Boost)  
  25  2:21  Probe (Chrono Boost)  
  26  2:22  Nexus  
  26  2:32  Probe (Chrono Boost), Adept  
  26  2:34  Warp Gate  
  30  2:44  Probe (Chrono Boost)  
  30  2:55  Probe (Chrono Boost)  
  31  2:59  Stargate  
  31  3:05  Pylon  
  31  3:22  Pylon  
  31  3:23  Probe (Chrono Boost), Adept  
  35  3:34  Probe (Chrono Boost)  
  35  3:36  Probe (Chrono Boost)  
  35  3:38  Oracle  
  36  3:46  Probe (Chrono Boost)  
  36  3:47  Mothership Core (Chrono Boost)  
  44  3:55  Adept  
  44  3:58  Probe (Chrono Boost)  
  45  4:05  Nexus  
  45  4:08  Probe (Chrono Boost)  
  46  4:11  Oracle  
  46  4:13  Probe (Chrono Boost)  
  50  4:19  Probe (Chrono Boost)  
  51  4:26  Pylon  
  51  4:31  Probe x2 (Chrono Boost)  
  53  4:34  Pylon  
  53  4:39  Adept  
  53  4:42  Probe (Chrono Boost)  
  53  4:43  Probe (Chrono Boost)  
  57  4:52  Probe (Chrono Boost)  
  55  4:54  Twilight Council, Forge  
  56  5:01  Probe (Chrono Boost)  
  56  5:03  Probe (Chrono Boost)  
  56  5:07  Assimilator x2  
  57  5:13  Probe x2 (Chrono Boost)  
  59  5:20  Probe (Chrono Boost)  
  60  5:24  Probe (Chrono Boost)  
  60  5:25  Probe (Chrono Boost)  
  58  5:29  Stalker  
  58  5:31  Probe (Chrono Boost), Protoss Ground Weapons Level 1  
  58  5:35  Probe (Chrono Boost)  
  59  5:36  Gateway  
  59  5:37  Blink, Probe (Chrono Boost), Gateway  
  59  5:40  Gateway  
  59  5:42  Probe (Chrono Boost)  
  60  5:45  Probe (Chrono Boost)  
  61  5:52  Void Ray  
  61  5:55  Probe (Chrono Boost)  
  61  5:56  Probe (Chrono Boost)  
  64  5:58  Probe (Chrono Boost)  
  64  6:00  Adept  
  70  6:06  Probe (Chrono Boost), Pylon  
  70  6:07  Probe (Chrono Boost)  
  70  6:10  Probe (Chrono Boost)  
  73  6:17  Probe (Chrono Boost)  
  73  6:19  Probe (Chrono Boost)  
  69  6:26  Adept  
  69  6:28  Probe (Chrono Boost)  
  69  6:31  Probe (Chrono Boost)  
  69  6:32  Probe (Chrono Boost)  
  73  6:33  Robotics Facility  
  73  6:36  Assimilator  
  71  6:40  Sentry x3, Assimilator  
  71  6:43  Probe x2 (Chrono Boost)  
  71  6:45  Pylon  
  79  6:49  Probe (Chrono Boost)  
  80  6:56  Probe (Chrono Boost)  
  81  7:04  Probe (Chrono Boost)  
  80  7:10  Zealot x4, Gateway x2  
  80  7:13  Gateway  
  80  7:15  Gateway  
  80  7:21  Probe (Chrono Boost)  
  77  7:29  Warp Prism  
  75  7:30  Probe (Chrono Boost)  
  75  7:36  Probe (Chrono Boost)  
  78  7:38  Charge  
  78  7:41  Probe (Chrono Boost)  
  78  7:43  Sentry x3  
  78  7:44  Sentry, Photon Cannon  
  87  7:52  Probe (Chrono Boost)  
  88  8:03  Probe (Chrono Boost)  
  85  8:08  Zealot x3  
  84  8:15  Probe (Chrono Boost)  
  84  8:16  Zealot  
  84  8:17  Zealot x3  
  91  8:23  Probe (Chrono Boost)  
  91  8:24  Pylon  
  91  8:25  Probe (Chrono Boost)  
  91  8:27  Observer  
  91  8:29  Templar Archives  
  91  8:30  Probe (Chrono Boost)  
  94  8:35  Probe (Chrono Boost)  
  94  8:36  Probe (Chrono Boost)  
  96  8:42  Probe (Chrono Boost)  
  96  8:45  Stalker  
  96  8:46  Stalker x2  
  96  8:47  Probe (Chrono Boost)  
  101  8:56  Phoenix  
  101  8:58  Stargate  
  103  9:07  Archon x2, Stalker x2  
  93  9:35  Warp Prism  
  93  9:38  Mothership Core (Chrono Boost)  
  90  9:42  Zealot  
Tags
 
Add a new tag
Caveats
  • Supply blocks, unpowered buildings, or Contaminate may cause inaccurate times.
  • Supply counts are checked every 10 seconds.